Zazza, neutral female human Tourist `##f@B########## -------# |.....|# ----- #-.....|# |...| #|.....|# |...| #|..`...## ##-...| #-------# ########## # |.<.-# #### # #### -----# # ### ## # # # #### # # ---|-----# ### # # |.......|# # # # |........## ################# |.......| # #---------# |..>....| ###|...`...|# --------- #-........### --------- Zazza the Rambler Experience level: 1 Strength: 7 Dexterity: 9 Constitution: 14 Intelligence: 14 Wisdom: 9 Charisma: 18 Health: 0(13) Energy: 2(2) Def: 8 Gold: 508 Moves: 1750 Dungeon seed: LU-qc803kvt0BuBs Game ID: Zazza_1600377392 Your Inventory: Coins $ - 508 gold pieces Weapons a - 27 +2 darts q - 6 +0 orcish arrows u - 7 +0 darts v - a +0 dagger C - a +0 orcish dagger Armor e - a cursed -1 Hawaiian shirt (being worn) z - an uncursed +0 pair of elven boots (being worn) D - an uncursed +0 orcish helm (being worn) N - a blessed +1 dwarvish mithril-coat (being worn) Comestibles b - 7 uncursed food rations c - an uncursed apple d - an uncursed egg s - an uncursed tripe ration Scrolls j - an uncursed scroll of magic mapping k - a blessed scroll of magic mapping E - an uncursed scroll of light Spellbooks A - an uncursed spellbook of polymorph Potions i - 3 uncursed potions of extra healing B - an uncursed potion of paralysis Tools l - an expensive camera (0:90) m - an uncursed credit card n - an uncursed leash (in use) p - an uncursed bell w - 6 uncursed wax candles (0:400) Gems r - an uncursed worthless piece of violet glass y - an uncursed jade stone Y - an uncursed worthless piece of orange glass Spells and supernatural/magical abilities: Name Level Category Fail Memory P - polymorph 6 matter 100% 98% W - pray for help -- divine ? -- Your skills at the end: Fighting Skills Weapon Skills dart [Basic] Spellcasting Skills Final Attributes: You were stridently aligned. You were stealthy. You are dead. Vanquished creatures: a giant bat a hobbit a cave spider a gecko 7 jackals a fox a kobold a goblin a grid bug 3 kobold zombies 2 newts 20 creatures vanquished. Voluntary challenges: You were vegetarian. You never hit with a wielded weapon. You read items or engraved 54 times, starting on turn 551. You never genocided any monsters. You never polymorphed an object. You never changed form. You used no wishes. You never split a pudding. You wrote Elbereth's name 1 time, starting on turn 1636. You never violated your personal moral code. Dungeon overview: The Dungeons of Doom: levels 1 to 5 Level 1 a long staircase Level 2 a sink Level 3 an altar to Blind Io Level 4 Level 5 <- You were here History has recorded: On T:1 you entered the Dungeons of Doom to retrieve the Amulet of Yendor! On T:304 you reached level 2 of The Dungeons of Doom. On T:624 you reached level 3 of The Dungeons of Doom. On T:969 you reached level 4 of The Dungeons of Doom. On T:1401 you reached level 5 of The Dungeons of Doom. Score breakdown: Gold: 381 ( 8783 points) Experience: 1 level ( 0 points) Exploration: 5 levels ( 10.20%) ( 8660 points) Discoveries: 3 items ( 1.01%) ( 3010 points) Valuables value: (no points given unless you survive) Artifact value: 0 ( 0 points) Variety of kills: 11 monsters ( 2.89%) ( 5097 points) Turncount: 1750 turns ( 0 points) Survival: died (score multiplied by 80%) Total score: 20440 Latest messages: With great effort you move the boulder. You hear some noises. With great effort you move the boulder. You try to move the boulder, but in vain. (2x) You displace Armand. The giant bat bites! (3x) You displace Armand. You stop. Armand is in the way! You displace Armand. The giant bat bites! You begin praying to The Lady. You are surrounded by a shimmering light. The giant bat starts to attack you, but pulls back. (5x) You feel that The Lady is pleased. You feel much better. You displace Armand. The giant bat misses. The giant bat bites! You displace Armand. You hear water falling on coins. You displace Armand. The giant bat misses. You miss the giant bat. The giant bat bites! (5x) You die... Final status: Aloha Zazza the Tourist, killed by a giant bat... You died in The Dungeons of Doom on dungeon level 5 with 20440 points, and 508 pieces of gold, after 1750 moves. You were level 1 with a maximum of 13 hit points when you died.